Unix xNetHack Version 7.1.0 - last build Jun 11 2022 02:52:06 (33bbff3b7d1ce07880d5c4b1c5efc7e91935e5b9). Game began 2022-06-18 19:54:41, ended 2022-06-25 21:08:01. ogmobot, neutral female human Valkyrie <...| ....-- .....-- ......| ......---- - .........----- ..}}| .....```H....--- -- - ......` --- .....%.@.................. .. ... . . .... .... ..............}}}}| .................... ..... .. ..... . ..... ...........}}}}}| ........................ .. ... . . .. ... . ..............}}}}}H}.... ...................... ..... . . ... ..... ............}}}}}-HH... .................... ..... .. . . . .... .. ...............}}}}}| .................... ...... .. .. . .. ........... ..........}}}}| .............--- - - ........}}--- .........----- .......}}| ......---- # ## .).....}}- ......| .......}}}| .....-- # # # .......}}| ....-- ## ### ....}}- ....| ## }}| Ogmobot the Woman-at-arms St:18/04 Dx:17 Co:20 In:8 Wi:12 Ch:8 Neutral S:125037 Home 3 $:0 HP:0(126) Pw:43(43) AC:-10 Xp:13/23366 T:17724 Satiated Latest messages: Stephan's ghost misses! You stab Stephan's ghost! You pierce Stephan's ghost! You destroy Stephan's ghost! x - a +3 mithril spear (weapon in hand) {18}. v - an uncursed silver dagger (alternate weapon; not wielded) {11}. There is ice here. You see here a frost giant corpse. What do you want to use or apply? [bf-hjloqs-uzDNOV-X or ?*] s In what direction? u Status of Hrymr (chaotic): Level 10 HP 96(96) AC 3, can't move, fast. You jab Hrymr! You hit Hrymr! You hit Hrymr! Hrymr wields a platinum two-handed sword! You jab Hrymr! Hrymr swings his platinum two-handed sword. Hrymr rends you! What do you want to use or apply? [bf-hjloqs-uzDNOV-X or ?*] s In what direction? u Status of Hrymr (chaotic): Level 10 HP 47(96) AC 3, fast. You impale Hrymr! You pierce Hrymr! Hrymr drinks a potion of extra healing! Hrymr looks much better. What do you want to use or apply? [bf-hjloqs-uzDNOV-X or ?*] s In what direction? u Status of Hrymr (chaotic): Level 10 HP 47(96) AC 3, fast. You gore Hrymr! Hrymr swings his platinum two-handed sword. Hrymr hits you! Hrymr swings his platinum two-handed sword. Hrymr rends you! You feel weaker! You haven't been exercising properly. You gore Hrymr! Hrymr swings his platinum two-handed sword. Hrymr gashes you! Hrymr swings his platinum two-handed sword. Hrymr slashes you! What do you want to zap? [ghjloqtNOWX or ?*] ? Nothing happens. Hrymr swings his platinum two-handed sword. Hrymr gashes you! You die... Do you want your possessions identified? [ynq] (y) y Do you want to see your attributes? [ynq] (y) y Do you want an account of creatures vanquished? [ynaq] (y) y Do you want to see your conduct and achievements? [ynq] (y) y Do you want to see the dungeon overview? [ynq] (y) y Major events: Turn 1: ogmobot the neutral human Valkyrie entered the dungeon 766: entered the Gnomish Mines 781: attained the rank of Skirmisher (level 3) 1434: reached Mine Town 1650: read a Discworld novel 2243: attained the rank of Fighter (level 6) 2942: consulted the Oracle 3786: entered Sokoban 4089: completed sokoban 1 4628: completed sokoban 2 5056: completed sokoban 3 6090: completed sokoban 4 6630: acquired the Sokoban amulet of reflection 9779: destroyed nmlkj's ghost, the former Thaumaturge 10705: attained the rank of Woman-at-arms (level 10) 16187: killed Medusa 17724: killed by a frost giant called Hrymr Inventory: Inventory: 975/1000 weight (35/52 slots) Amulets K - an uncursed silver amulet of reflection (being worn) {25} Weapons v - a +0 silver dagger (alternate weapon; not wielded) {11} x - a +3 mithril spear (weapon in hand) {18} Armor e - a blessed +2 mithril dwarvish helm (being worn) {19} H - an uncursed +0 pair of leather gloves (being worn) {8} r - an uncursed +0 pair of high boots (being worn) {15} p - an uncursed burnt +3 small shield (being worn) {23} F - an uncursed +0 cloak of magic resistance (being worn) {8} c - a blessed +3 plastic cloak of protection {20} R - an uncursed +3 copper banded mail (being worn) {279} Comestibles n - 3 uncursed C-rations {30} d - 7 uncursed food rations {140} I - 2 uncursed lizard corpses {20} Rings C - an uncursed ring of conflict {3} i - a cursed +2 ring of gain constitution (on left hand) {2} J - an uncursed ring of searching (on right hand) {3} Wands g - a wand of create monster (0:14) {7} h - a wand of death (0:2) {7} q - a wand of digging (0:4) {7} O - a wand of digging (0:4) {7} j - a wand of digging (0:2) {7} t - a wand of digging (0:1) {7} X - a cursed wand of digging (0:7) {7} o - a wand of make invisible (0:4) {7} N - a wand of sleep (0:0) {7} l - a cursed wand of speed monster (0:3) {7} W - a wand of striking (0:2) {7} Tools f - a blessed bag of holding containing 48 items {202} V - an empty uncursed leather sack {22} D - an uncursed leather blindfold {3} z - an uncursed copper skeleton key {3} s - an uncursed stethoscope {4} b - 5 uncursed tallow candles {10} u - a blessed +0 unicorn horn {20} Gems/Stones w - an uncursed luckstone {10} Contents of the bag of holding: 7914 gold pieces an uncursed gold amulet of guarding a blessed scroll of blank paper 4 uncursed scrolls of blank paper an uncursed scroll of confuse monster a cursed scroll of confuse monster a cursed scroll of create monster an uncursed scroll of destroy armor 2 uncursed scrolls of earth an uncursed scroll of enchant weapon 2 uncursed scrolls of fire an uncursed scroll of genocide a blessed scroll of identify a blessed scroll of magic mapping 2 uncursed scrolls of remove curse a blessed scroll of taming an uncursed scroll of teleportation 2 cursed scrolls of teleportation a cursed scroll of water an uncursed novel named Eric 2 blessed potions of booze an uncursed indestructible potion of invisibility an uncursed potion of invisibility an uncursed potion of levitation a blessed potion of object detection a blessed potion of oil 2 uncursed potions of oil a blessed potion of paralysis a blessed potion of restore ability a cursed potion of restore ability 2 uncursed potions of see invisible a cursed potion of sleeping an uncursed potion of speed 4 potions of holy water a +0 unicorn horn 3 uncursed black opals 4 uncursed citrine stones 2 uncursed emeralds 3 uncursed fluorite stones 3 uncursed jet stones 8 uncursed worthless pieces of black glass 4 uncursed worthless pieces of blue glass 9 uncursed worthless pieces of green glass 12 uncursed worthless pieces of orange glass 8 uncursed worthless pieces of red glass 14 uncursed worthless pieces of white glass 13 uncursed worthless pieces of yellow glass 11 uncursed worthless pieces of yellowish brown glass Ogmobot the Valkyrie's attributes: Background: You were a Woman-at-arms, a level 13 human Valkyrie. You were neutral, on a mission for Odin who was opposed by Tyr (lawful) and Loki (chaotic). You were heterosexual. You were in the Quest, on level 3. You entered the dungeon 17724 turns ago. You had 23366 experience points, 4634 more were needed to attain level 14. Your score was 125037 before end-of-game adjustments. Basics: You had 0 out of 126 hit points. You had all 43 energy points (spell power). Your armor class was -10. Your wallet was empty. Autopickup was off. Final Characteristics: Your strength was 18/04 (peak:18/05, limit:18/100). Your dexterity was 17 (limit:18). Your constitution was 20 (base:18, innate limit:18). Your intelligence was 8 (limit:18). Your wisdom was 12 (limit:18). Your charisma was 8 (limit:18). Final Status: You were satiated. You were unencumbered. You were wielding a spear. You had expert skill with spear. Final Attributes: You were piously aligned. You were magic-protected. You were fire resistant. You were cold resistant. You were poison resistant. You were telepathic. You had automatic searching. You were stealthy. You were warded. You were fast. You had reflection. You were lucky. You had extra luck. Bad luck did not time out for you. Good luck did not time out for you. You are dead. Miscellaneous: You encountered 1 bones level. Total elapsed playing time was 5 hours, 29 minutes and 21 seconds. Vanquished creatures: Medusa a minotaur a baluchitherium a titanothere a trapper 3 liches 10 frost giants a golden naga 5 vampires a giant mimic an orc-captain a zruty 7 fire giants 2 ogre tyrants a rock troll a large mimic a wumpus a couatl 2 stalkers 2 black nagas a xorn 2 giant zombies 2 sergeants 6 wargs a winter wolf 2 small mimics a xan 12 trolls a quantum mechanic a gelatinous cube 2 shocking spheres a large cat a gargoyle 3 dwarf rulers 4 tengu 2 ochre jellies a leocrotta an energy vortex a stone giant an elf mummy a red naga a Grey-elf 2 pythons 2 pit vipers a cobra 13 wraiths 2 ettin zombies 2 soldiers 3 amorous demons a chameleon 2 crocodiles 3 giant beetles a quivering blob 6 cockatrices 4 wolves 2 winter wolf cubs a lynx a gremlin 19 leprechauns 2 mountain nymphs 2 iron piercers 3 giant spiders 2 scorpions 2 horses a black light 4 vampire bats 2 forest centaurs a gnome ruler a dwarf mummy a Green-elf 3 rust monsters 4 owlbears 3 yetis 3 gold golems a werewolf 5 lizards 3 warriors 2 chickatrices 2 jaguars a dwarf leader 3 water nymphs a white unicorn a black unicorn 2 dust vortices 4 ravens 3 gnome mummies 2 Woodland-elves 4 snakes 14 ghosts 3 apes 7 human zombies 2 rope golems 6 soldier ants 3 fire ants 2 imps 4 quasits 3 wood nymphs 4 bugbears a Mordor orc an orc shaman 8 rock piercers 2 rock moles a pony 2 fog clouds 2 shriekers 2 violet fungi 8 gnome leaders 3 gnomish wizards 2 gray oozes a barrow wight 4 elf zombies 6 ghouls a straw golem 2 giant ants a little dog 2 floating eyes 3 kittens 14 dwarves a kobold leader 2 kobold shamans 12 hill orcs 2 rothes 2 centipedes a giant bat a monkey 8 orc zombies 2 dwarf zombies a werejackal 6 iguanas 9 killer bees a coyote 2 gas spores 4 hobbits 5 manes a large kobold 5 hobgoblins 2 giant rats 3 cave spiders 2 brown molds a yellow mold 26 gnomes 5 gnome zombies a gecko 6 jackals 5 foxes 2 kobolds 6 goblins 3 grid bugs 2 bats 6 lichens 6 kobold zombies 7 newts 487 creatures vanquished. No species were genocided or became extinct. Voluntary challenges: You read items or engraved 19 times. You never genocided any monsters. You never polymorphed an object. You never changed form. You never touched an artifact. You used no wishes. You did not violate any of the special Sokoban rules. Achievements: You entered the Gnomish Mines. You attained the rank of Skirmisher. You entered Minetown. You entered a shop. You entered a temple. You read from a Discworld novel. You attained the rank of Fighter. You consulted the Oracle of Delphi. You entered Sokoban. You completed Sokoban. You attained the rank of Woman-at-arms. You defeated Medusa. The Dungeons of Doom: levels 1 to 27 Level 1: Level 2: Level 3: A fountain, a tree. Level 4: A fountain. Stairs down to The Gnomish Mines. Level 5: Many fountains, many trees. Oracle of Delphi. Level 6: A fountain. Stairs up to Sokoban, level 5. Level 7: A fountain. Level 8: Level 9: "displacement by altar" Some altars, a fountain, a sink. Level 10: An armor shop. Level 11: "buried scroll plus nymph" A grave. Summoned by the Norn. Portal to The Quest. Level 12: Many graves. Level 13: Many graves. Level 14: A fountain. Level 15: Level 16: A fountain, a grave. Level 17: A tree. Level 18: Level 19: An altar to Odin, a fountain, many graves. Level 20: A fountain, a sink. Level 21: A sink. Level 22: A throne, a fountain. Level 23: "oozes" A fountain. Level 24: A fountain. Level 25: Level 26: Level 27: The Gnomish Mines: levels 5 to 10 Level 5: "grapple hook here" Level 6: Level 7: A grave. Final resting place for nmlkj-Wiz-Hum-Mal-Cha, died of starvation, while fainted. Level 8: Many shops, a temple to Odin, some fountains. Level 9: Level 10: The Quest: levels 1 to 3 Level 1: A fountain, a tree. Given quest by the Norn. Level 2: Level 3: <- You were here. Final resting place for you, killed by a frost giant called Hrymr. Sokoban: levels 5 up to 2 Level 2: Solved. Level 3: Solved. Level 4: Solved. Level 5: Solved. Game over: __________ / \ / REST \ / IN \ / PEACE \ / \ | ogmobot | | 7914 Au | | killed by a | | frost giant | | called Hrymr | | | | 2022 | *| * * * | * _________)/\\_//(\/(/\)/\//\/|_)_______ Farvel ogmobot the Valkyrie... You died in The Quest on dungeon level 3 with 124246 points, and 7914 pieces of gold, after 17724 moves. You were level 13 with a maximum of 126 hit points when you died.